 Dungeon Crawl Stone Soup version 0.27-a0-1119-gbf574a6a6b (webtiles) character file.

Game seed: 6285752036268346869

182738 Armakuni the Demon Slayer (level 19, 0/146 HPs)
             Began as a Human Artificer on May 1, 2021.
             Was a High Priest of the Shining One.
             Slain by a salamander mystic
             ... wielding a +0 quarterstaff
              (4 damage)
             ... on level 4 of the Snake Pit on May 2, 2021.
             The game lasted 02:06:45 (35425 turns).

Armakuni the Demon Slayer (Human Artificer)        Turns: 35425, Time: 02:06:46

Health: 0/146      AC: 25    Str: 17    XL:     19   Next: 4%
Magic:  6/30       EV: 16    Int: 24    God:    the Shining One [*****.]
Gold:   92         SH: 20    Dex: 14    Spells: 25/33 levels left

rFire    + . .     SeeInvis +   a - +8 trishula (holy)
rCold    . . .     Faith    .   T - +3 buckler {rF+}
rNeg     + + .     Spirit   .   Q - +8 ring mail of Insatiable Hunger {Rampage rPois Int+4 SInv}
rPois    +         Reflect  .   N - +2 helmet
rElec    .         Harm     .   e - +0 cloak
rCorr    .         Rampage  +   C - +2 pair of gloves
Will     ++...                  u - +0 pair of boots
Stlth    +.........             R - amulet of regeneration
HPRegen  1.34/turn              E - ring of Apusalem {EV+4 Int+5}
MPRegen  0.22/turn              G - ring of willpower

@: divinely shielded, weakened, glowing, constricted
A: no striking features
a: Renounce Religion, Divine Shield, Cleansing Flame, Summon Divine Warrior


You were on level 4 of the Snake Pit.
You worshipped the Shining One.
The Shining One was extremely pleased with you.
You visited 5 branches of the dungeon, and saw 28 of its levels.
You also visited: Ice Cave and Volcano.

You collected 4611 gold pieces.
You spent 4519 gold pieces at shops.

Inventory:

Hand Weapons
 a - a +8 trishula of holy wrath (weapon)
Missiles
 g - 5 throwing nets
 B - 4 curare-tipped darts (quivered)
Armour
 e - a +0 cloak (worn)
 u - a +0 pair of boots (worn)
 C - a +2 pair of gloves (worn)
 N - a +2 helmet (worn)
 Q - the +8 ring mail of Insatiable Hunger (worn) {Rampage rPois Int+4 SInv}
   (You found it on level 3 of the Lair of Beasts)

   It affects your intelligence (+4).
   It protects you from poison.
   It lets you see invisible.
   It bestows one free step when moving towards enemies.
 T - a +3 buckler of fire resistance (worn)
Jewellery
 E - the ring of Apusalem (left hand) {EV+4 Int+5}
   (You bought it in a shop on level 1 of the Depths)

   [ring of evasion]

   It affects your evasion (+4).
   It affects your intelligence (+5).
 F - a ring of flight
 G - a ring of willpower (right hand)
 J - a ring of protection from cold
 P - a ring of poison resistance
 R - an amulet of regeneration (around neck)
Wands
 f - a wand of flame (22)
 h - a wand of acid (7)
 k - a wand of digging (3)
 p - a wand of paralysis (7)
 r - a wand of charming (5)
Scrolls
 d - a scroll of magic mapping
 i - 6 scrolls of teleportation
 q - 3 scrolls of blinking
 t - a scroll of holy word
 y - a scroll of brand weapon
 z - a scroll of enchant armour
 A - a scroll of amnesia
 D - 3 scrolls of fear
 I - 2 scrolls of immolation
 K - 7 scrolls of fog
 U - 5 scrolls of identify
Potions
 c - 3 potions of flight
 n - 4 potions of heal wounds
 o - 2 potions of haste
 s - 5 potions of brilliance
 v - 3 potions of lignification
 w - 3 potions of might
 H - 5 potions of attraction
 L - 6 potions of mutation
 M - 4 potions of berserk rage
 S - a potion of resistance
 V - 9 potions of curing
Miscellaneous
 b - a tin of tremorstones (inert)
 l - a box of beasts (inert)
 m - a phantom mirror
 x - a piece from Xom's chessboard (15/15)
 O - a phial of floods


   Skills:
 + Level 12.0 Fighting
 - Level 10.9(14.0) Polearms
 - Level 14.4(15.6) Staves
 - Level 10.0 Armour
 - Level 10.0 Dodging
 - Level 1.0 Stealth
 - Level 4.0 Shields
 - Level 7.8 Spellcasting
 - Level 7.0 Transmutations
 - Level 8.5 Ice Magic
 - Level 15.9 Invocations
 - Level 10.0 Evocations


You had 25 spell levels left.
You knew the following spells:

 Your Spells              Type           Power      Damage    Failure   Level
o - Ozocubu's Armour      Ice            50%        N/A       1%          3
r - Frozen Ramparts       Ice            100%       1d12      1%          3
w - Wereblood             Tmut           43%        N/A       1%          2

Your spell library contained the following spells:

 Spells                   Type           Power      Damage    Failure   Level
 Beastly Appendage        Tmut           86%        N/A       1%          1
 Freeze                   Ice            100%       1d11      1%          1
 Passwall                 Tmut/Erth      21%        N/A       3%          2
 Ice Form                 Ice/Tmut       46%        N/A       4%          4
 Spider Form              Tmut/Pois      13%        N/A       8%          3
 Corona                   Hex            10%        N/A       11%         1
 Slow                     Hex            9%         N/A       16%         2
 Hydra Form               Tmut           21%        N/A       17%         5
 Hailstorm                Conj/Ice       30%        3d8       19%         4
 Inner Flame              Hex/Fire       9%         N/A       32%         3
 Portal Projectile        Hex/Tloc       18%        N/A       32%         3
 Swiftness                Air            9%         N/A       32%         3
 Metabolic Englaciation   Hex/Ice        15%        N/A       45%         5
 Cause Fear               Hex            4%         N/A       71%         4
 Leda's Liquefaction      Hex/Erth       4%         N/A       71%         4
 Passage of Golubria      Tloc           N/A        N/A       71%         4
 Lee's Rapid Deconstruct  Erth           4%         3d6*      96%         5
 Invisibility             Hex            9%         N/A       100%        6


Dungeon Overview and Level Annotations

Branches:
Dungeon (15/15)            Temple (0/1) D:7            Lair (6/6) D:11
  Swamp (0/4) Lair:3        Snake (4/4) Lair:3        Slime (0/5) Lair:5
    Orc (2/2) D:12            Elf (0/3) Orc:2        Vaults (0/5) D:13
 Depths (1/5) D:15          IceCv (visited)         Volcano (visited)

Altars:
Elyvilon
Fedhas
Hepliaklqana
Kikubaaqudgha
Trog
Uskayaw
Yredelemnul
The Shining One
Beogh
Jiyva
Lugonu

Shops:
Orc:2 (*(*   Snake:1 (   Snake:4 :[   Depths:1 [*[

Portals:
Abyss: Depths:1
Trove: D:13 (give +6 demon whip)

Annotations:
D:13 3 runed translucent doors, Ynwesix's ghost, journeyman DDFi
Lair:4 exclusion: 2 oklob plants
Lair:5 1 runed translucent door, exclusion: door


Message History

The salamander hits you but does no damage.
You block the salamander mystic's attack.
The shock serpent bites you but does no damage.
The anaconda bites you but does no damage.
The anaconda constricts you. The anaconda completely misses you.
The naga warrior hits you with a +0 scimitar!!
* * * LOW HITPOINT WARNING * * *
Unknown command.
The golden flame engulfs you but does no damage.
You resist.
The golden flame engulfs the salamander tyrant!
The salamander tyrant is severely wounded.
The golden flame engulfs the naga warrior!!
The naga warrior is almost dead.
The golden flame engulfs the salamander!!
The salamander is almost dead.
The golden flame engulfs the anaconda!!
The anaconda is severely wounded.
The golden flame engulfs the shock serpent.
The shock serpent is severely wounded.
The golden flame engulfs the anaconda!
The anaconda is severely wounded.
The golden flame engulfs the salamander mystic!!
The salamander mystic is heavily wounded.
The golden flame engulfs the guardian serpent!!!
The guardian serpent is almost dead.
The shock serpent's electric aura discharges, shocking you!
You hear an angry hiss.
The anaconda closely misses you. The anaconda constricts you.
You block the guardian serpent's attack.
The salamander tyrant calls gouts of flame from the lava!
The flame surge hits you! You resist.
* * * LOW HITPOINT WARNING * * *
You block the anaconda's attack. The shock serpent bites you!
* * * LOW HITPOINT WARNING * * *
The shock serpent shocks you!
* * * LOW HITPOINT WARNING * * *
The salamander misses you.
The salamander mystic hits you with a +0 quarterstaff.
You die...

≈≈≈§§§§≈≈.§##........#
§≈§§§≈≈≈≈...#######.##
#######≈≈≈...######.#
,,,,,,###≈≈≈§)##.##.##
,,,,,,..##§≈≈..##....#
,,,,,,...##≈≈§§§###).#
******....##§§§..##..#
*,,,,**#NN.##≈§NSN##.#
,,,,,,,*#N..##§N@S.#.#
≈≈≈≈≈≈,,*#..)#≈NSS.#.#
≈≈≈≈≈≈≈,,#..)S)....#.#
≈≈≈≈≈≈≈≈,###########.###
≈≈≈≈≈≈≈≈,,***,,,**#....#
≈≈≈≈≈≈≈≈≈,**,,,,,*####.#
≈≈≈≈≈≈≈≈≈,+,,,,,,,* #.#
≈≈≈≈≈≈≈≈≈,+,,,,,,,####.#
≈≈≈≈≈≈≈≈≈,+,,,,,,,#....#


You could see a naga warrior (catching breath), a salamander tyrant (strong), a
salamander mystic (strong), a salamander (strong), 2 anacondas, a shock serpent
and 2 guardian serpents.

Vanquished Creatures
  Vashnia (Snake:2)
  Louise (Snake:1)
  2 stone giants
  2 very ugly things
  An ettin (Depths:1)
  2 jiangshi (Depths:1)
  Snorg (Lair:6)
  Harold (Lair:2)
  7 hydras
  A fire dragon (Lair:6)
  A rakshasa (D:14)
  An ice dragon (Depths:1)
  14 naga warriors
  An ogre mage (D:13)
  6 salamander tyrants (Snake:4)
  4 boulder beetles
  2 centaur warriors
  A catoblepas (D:15)
  12 anacondas
  4 two-headed ogres
  A deep troll shaman (D:15)
  Urug (D:10)
  A vampire mage (Depths:1)
  16 naga sharpshooters
  3 shock serpents (Snake:4)
  A fire crab (shapeshifter) (D:15)
  A skeletal warrior (D:13)
  Sonja (D:11)
  3 salamander mystics
  A deep troll (D:15)
  A swamp dragon (Lair:6)
  A deep elf archer (D:13)
  5 naga ritualists
  A wizard (D:14)
  8 mana vipers
  Pikel (D:4)
  2 orc knights
  6 lindwurms
  2 deep elf zephyrmancers
  8 orc sorcerers
  4 deep elf pyromancers
  18 ugly things
  2 cyclopes
  5 large abominations (D:14)
  17 salamanders
  11 elephants
  31 black mambas
  3 guardian serpents
  Maurice (Orc:2)
  17 naga magi
  An ice statue (IceCv)
  A torpor snail (Lair:4)
  A gargoyle (Volcano)
  9 cane toads
  4 centaur skeletons (D:13)
  An unseen horror (shapeshifter) (D:14)
  A kobold demonologist (D:13)
  A yaktaur (shapeshifter) (D:14)
  An efreet (Volcano)
  2 anaconda simulacra (IceCv)
  7 rime drakes
  10 komodo dragons
  5 trolls
  10 polar bears (Lair:6)
  Grinder (D:6)
  13 blink frogs
  10 slime creatures
  A dream sheep (Lair:6)
  A centaur simulacrum (D:15)
  69 yaks
  A shadow (D:13)
  6 wyverns
  A dire elephant simulacrum (IceCv)
  3 fire elementals (Volcano)
  Grum (Lair:1)
  4 basilisks
  4 steam dragons
  12 wargs
  A hydra simulacrum (IceCv)
  A harpy simulacrum (D:15)
  3 acid dragons
  17 hell hounds (Lair:6)
  35 nagas
  A water moccasin (shapeshifter) (D:13)
  20 water moccasins
  14 orc warriors
  6 ice beasts (IceCv)
  An ettin simulacrum (IceCv)
  2 sky beasts
  13 black bears
  A hornet zombie (D:15)
  A swamp drake (Lair:6)
  2 necrophages
  3 boggarts
  12 ogres
  25 wolves
  12 centaurs
  A lemure (D:4)
  6 kobold brigands
  7 small abominations (D:14)
  15 bullfrogs
  A scorpion (D:3)
  A wyvern skeleton (D:5)
  A water moccasin skeleton (D:5)
  6 killer bees (D:9)
  2 electric eels (Lair:1)
  5 howler monkeys
  9 wights
  4 centaur zombies
  8 hounds
  A bullfrog skeleton (D:6)
  A gnoll shaman (D:4)
  2 jellies
  19 orc priests
  10 iguanas
  Jessica (D:3)
  Ijyb (D:3)
  A scorpion zombie (D:5)
  35 orc wizards
  12 hell rats
  A hound zombie (D:5)
  2 hound skeletons
  5 gnolls
  11 adders
  3 shadow imps
  A white imp (D:7)
  An adder zombie (D:5)
  A dart slug (D:2)
  76 orcs
  2 endoplasms
  6 giant cockroaches
  4 goblins
  9 hobgoblins
  11 jackals
  32 kobolds
  5 quokkas
  5 ball pythons
  8 bats
  4 frilled lizards
  7 rats
  3 rat zombies (D:10)
935 creatures vanquished.

Vanquished Creatures (collateral kills)
  Asterion (Snake:1)
  A nagaraja (Snake:4)
  A very ugly thing (IceCv)
  A naga warrior (Snake:4)
  2 lindwurms (Lair:3)
  A necromancer (D:15)
  2 orc sorcerers (D:15)
  2 ugly things (D:15)
  4 ice statues (IceCv)
  An anaconda simulacrum (IceCv)
  3 yaks (Lair:1)
  A dire elephant simulacrum (IceCv)
  An iron troll simulacrum (IceCv)
  A naga (Snake:4)
  An orc warrior (D:8)
  An ettin simulacrum (IceCv)
  5 gnolls
  14 orcs
43 creatures vanquished.

Vanquished Creatures (others)
  2 ugly things (D:15)
  2 orc warriors (D:8)
  A naga (Snake:4)
  A gnoll sergeant (D:6)
  A wyvern skeleton (D:5)
  A hound (D:6)
  An iguana (Lair:6)
  A white imp (D:7)
  A kobold (D:13)
  21 fungi
  69 plants
101 creatures vanquished.

Grand Total: 1079 creatures vanquished

Notes
Turn   | Place    | Note
-------+----------+-------------------------------------------
     0 | D:1      | Armakuni the Human Artificer began the quest for the Orb.
     0 | D:1      | Reached XP level 1. HP: 15/15 MP: 1/1
   404 | D:1      | Reached XP level 2. HP: 22/22 MP: 2/2
   464 | D:1      | Reached skill level 1 in Staves
   719 | D:1      | Reached XP level 3. HP: 23/27 MP: 3/3
  1451 | D:2      | Reached XP level 4. HP: 31/34 MP: 4/4
  1974 | D:2      | Reached XP level 5. HP: 41/41 MP: 5/5
  2240 | D:3      | Noticed Jessica
  2240 | D:3      | Noticed Ijyb
  2654 | D:3      | Killed Jessica
  2655 | D:3      | Reached XP level 6. HP: 45/48 MP: 6/6
  2681 | D:3      | Killed Ijyb
  3231 | D:4      | Identified a scroll of acquirement
  3231 | D:4      | Acquired a manual of Staves
  3267 | D:4      | Noticed Pikel
  3496 | D:4      | Noticed a necrophage
  3521 | D:4      | Killed a necrophage
  3522 | D:4      | Reached skill level 5 in Staves
  3522 | D:4      | Reached XP level 7. HP: 47/55 MP: 7/7
  4632 | D:4      | Killed Pikel
  4633 | D:4      | Reached skill level 10 in Staves
  4633 | D:4      | Reached XP level 8. HP: 53/61 MP: 8/8
  4882 | D:5      | Entered Level 5 of the Dungeon
  5104 | D:5      | Found a bloodstained altar of Trog.
  5511 | D:5      | Reached XP level 9. HP: 43/66 MP: 9/9
  5728 | D:5      | Found a glowing golden altar of the Shining One.
  5920 | D:5      | Became a worshipper of the Shining One
  6283 | D:5      | Found a basalt altar of Yredelemnul.
  6642 | D:6      | Noticed Grinder
  6675 | D:6      | Killed Grinder
  6924 | D:6      | Found a hide-covered altar of Uskayaw.
  6987 | D:6      | Reached skill level 1 in Shields
  7720 | D:7      | Reached * piety under the Shining One
  7888 | D:7      | Found a staircase to the Ecumenical Temple.
  8375 | D:7      | Noticed Maggie
  8376 | D:7      | Noticed Maggie
  8376 | D:7      | Maggie changed into Maggie the bullfrog
  8380 | D:7      | Killed Maggie the bullfrog
  8381 | D:7      | Reached XP level 10. HP: 73/73 MP: 10/10
  9153 | D:8      | Reached skill level 5 in Fighting
  9761 | D:8      | Found a hazy altar of Hepliaklqana.
 10089 | D:9      | Reached ** piety under the Shining One
 10238 | D:8      | Reached skill level 1 in Invocations
 10543 | D:9      | Noticed a centaur warrior
 10556 | D:9      | Killed a centaur warrior
 10557 | D:9      | Reached skill level 4 in Invocations
 10823 | D:9      | Reached XP level 11. HP: 81/83 MP: 14/14
 10949 | D:9      | Reached skill level 5 in Armour
 11035 | D:10     | Entered Level 10 of the Dungeon
 11432 | D:9      | Reached skill level 5 in Dodging
 11719 | D:10     | Noticed Urug
 11894 | D:10     | Reached *** piety under the Shining One
 12420 | D:10     | Killed Urug
 12608 | D:10     | Found an ancient bone altar of Kikubaaqudgha.
 13484 | D:11     | Found a staircase to the Lair.
 13764 | D:11     | Reached XP level 12. HP: 73/94 MP: 15/15
 14322 | D:11     | Noticed Sonja
 14327 | D:11     | Killed Sonja
 14639 | D:12     | Noticed a two-headed ogre
 14718 | D:12     | Killed a two-headed ogre
 14775 | D:12     | Noticed a two-headed ogre
 14790 | D:12     | Killed a two-headed ogre
 14796 | D:12     | Identified the +1 robe of Hamp {Harm Str-4 Int+4}
 15311 | D:12     | Reached skill level 9 in Invocations
 15311 | D:12     | Reached XP level 13. HP: 101/101 MP: 15/20
 15436 | D:12     | Found a staircase to the Orcish Mines.
 15478 | Orc:1    | Entered Level 1 of the Orcish Mines
 15636 | Orc:1    | Reached **** piety under the Shining One
 16262 | Orc:2    | Entered Level 2 of the Orcish Mines
 16262 | Orc:2    | Found a staircase to the Elven Halls.
 16376 | Orc:2    | Reached skill level 10 in Invocations
 16729 | D:13     | Found a portal to a secret trove of treasure.
 16738 | D:13     | Acquired 685 gold pieces
 16813 | D:13     | Found a runed translucent gate.
 16813 | D:13     | Found a runed translucent gate.
 16813 | D:13     | Found a runed translucent gate.
 16820 | D:13     | Noticed Ynwesix's ghost (journeyman DDFi)
 17228 | D:13     | Noticed an ogre mage
 17235 | D:13     | Reached skill level 11 in Invocations
 17248 | D:13     | Reached XP level 14. HP: 65/109 MP: 16/22
 17306 | D:13     | Reached skill level 12 in Invocations
 17597 | D:13     | Found a gate to the Vaults.
 18129 | D:14     | Reached skill level 13 in Invocations
 18150 | D:14     | Acquired 758 gold pieces
 18347 | D:14     | Reached skill level 14 in Invocations
 18355 | D:14     | Reached skill level 10 in Fighting
 19016 | D:15     | Entered Level 15 of the Dungeon
 19163 | D:15     | Reached skill level 10 in Armour
 19185 | D:15     | Reached skill level 10 in Dodging
 19325 | D:15     | Reached XP level 15. HP: 112/115 MP: 25/25
 19490 | D:15     | Paralysed by an orc sorcerer for 7 turns
 19503 | D:15     | Reached skill level 5 in Evocations
 19620 | D:15     | Found a staircase to the Depths.
 19626 | D:15     | Reached ***** piety under the Shining One
 19939 | Depths:1 | Entered Level 1 of the Depths
 19939 | Depths:1 | Found Semium's Antique Armour Shoppe.
 19940 | Depths:1 | Found Etirixi's General Store.
 19940 | Depths:1 | Found Veif's Antique Armour Emporium.
 19943 | Depths:1 | Found Ysydweit's Distillery.
 19949 | Depths:1 | Bought a brightly glowing helmet for 313 gold pieces
 19949 | Depths:1 | Identified the +1 helmet "Tacsetrast" {+Blink rCorr Int-5}
                  | (You bought it in a shop on level 1 of the Depths)
 19956 | Depths:1 | Bought a scroll of teleportation for 42 gold pieces
 19956 | Depths:1 | Bought a tin of tremorstones (2/2) for 560 gold pieces
 19956 | Depths:1 | Bought the ring of Apusalem {EV+4 Int+5} for 749 gold
                  | pieces
 19962 | Depths:1 | Bought a crude ring mail for 423 gold pieces
 19962 | Depths:1 | Identified the +3 ring mail of Defence {Fly rCorr Str+6}
                  | (You bought it in a shop on level 1 of the Depths)
 20181 | Lair:1   | Entered Level 1 of the Lair of Beasts
 20300 | Lair:1   | Noticed Grum
 20333 | Lair:1   | Killed Grum
 21341 | Lair:2   | Noticed Harold
 21356 | Lair:2   | Killed Harold
 22162 | Lair:3   | Found a staircase to the Swamp.
 22488 | Lair:3   | Identified the +0 leather armour "Pofuel" {Str+4}
 22507 | Lair:3   | Found a staircase to the Snake Pit.
 22523 | Lair:3   | Reached skill level 10 in Evocations
 22828 | Lair:3   | Reached skill level 1 in Polearms
 22847 | Lair:3   | Identified the +9 dagger of Arail {drain, +Rage rElec rC+++
                  | Dex-4}
 22851 | Lair:3   | Identified the +8 ring mail of Insatiable Hunger {Rampage
                  | rPois Int+4 SInv}
 22979 | Lair:4   | Found a dark tunnel.
 22988 | Volcano  | Entered a volcano
 23186 | Volcano  | Noticed a stone giant
 23211 | Volcano  | Killed a stone giant
 23267 | Lair:4   | Reached skill level 5 in Polearms
 23409 | Lair:4   | Found a blossoming altar of Fedhas.
 23589 | Lair:4   | You fall into a shaft and drop 2 floors!
 23589 | Lair:6   | Entered Level 6 of the Lair of Beasts
 23833 | Lair:6   | Noticed Snorg
 23863 | Lair:6   | Killed Snorg
 24037 | Lair:5   | Found a runed translucent door.
 24037 | Lair:5   | Found a viscous altar of Jiyva.
 24040 | Lair:5   | Found a staircase to the Slime Pits.
 24040 | Lair:5   | Noticed an azure jelly
 24040 | Lair:5   | Noticed an azure jelly
 24198 | Lair:4   | Reached XP level 16. HP: 122/122 MP: 26/26
 24857 | Lair:5   | You fall into a shaft and drop 1 floor!
 25103 | Lair:5   | Found a white marble altar of Elyvilon.
 25849 | Lair:6   | Reached ****** piety under the Shining One
 25880 | Lair:6   | Identified a +4 trishula of holy wrath (a +2 demon trident
                  | of venom blessed by the Shining One)
 25880 | Lair:6   | Received a gift from the Shining One
 26046 | Lair:6   | Reached skill level 10 in Polearms
 27280 | Orc:2    | Paralysed by an orc sorcerer for 2 turns
 27440 | Orc:2    | Found Jileb's Assorted Antiques.
 27458 | Orc:2    | Bought a scroll of enchant weapon for 240 gold pieces
 27458 | Orc:2    | Bought a scroll of enchant weapon for 240 gold pieces
 27466 | Orc:2    | Found Syeting's Weapon Boutique.
 27604 | Orc:2    | Found Noufojeg's Weapon Boutique.
 27608 | Orc:2    | Found Rohoyt's General Store.
 27626 | Orc:2    | Reached skill level 15 in Invocations
 27864 | Orc:2    | Noticed Maurice
 27878 | Orc:2    | Killed Maurice
 28338 | Orc:1    | Upgraded the game from 0.27-a0-1116-g91b3acb402 to
                  | 0.27-a0-1119-gbf574a6a6b
 28535 | Orc:2    | Bought a potion of mutation for 256 gold pieces
 28752 | Snake:1  | Entered Level 1 of the Snake Pit
 28994 | Snake:1  | Reached XP level 17. HP: 128/128 MP: 28/28
 29012 | Snake:1  | Found a frozen archway.
 29019 | IceCv    | Entered an ice cave
 29414 | Snake:1  | Learned a level 3 spell: Frozen Ramparts
 29418 | Snake:1  | Learned a level 3 spell: Ozocubu's Armour
 29592 | Snake:1  | Reached skill level 1 in Ice Magic
 29600 | Snake:1  | Reached skill level 1 in Spellcasting
 29835 | Snake:1  | Found Lojeisy's Antique Weapon Emporium.
 30124 | Snake:1  | Noticed Louise
 30151 | Snake:1  | Killed Louise
 30212 | Snake:1  | Noticed Asterion
 30231 | Snake:1  | Killed Asterion
 30524 | Depths:1 | Reached skill level 5 in Ice Magic
 30688 | Depths:1 | Reached skill level 5 in Spellcasting
 30742 | Depths:1 | Bought a shiny buckler for 247 gold pieces
 30759 | Depths:1 | Bought a +2 pair of gloves for 231 gold pieces
 30776 | Depths:1 | Bought a fine plate armour for 924 gold pieces
 30776 | Depths:1 | Identified the +0 plate armour of Wrong Decisions {Fly
                  | rElec rC- Regen+ Int-2} (You bought it in a shop on level 1
                  | of the Depths)
 30789 | Depths:1 | Found a corrupted altar of Lugonu.
 30789 | Depths:1 | Found a one-way gate to the infinite horrors of the Abyss.
 31976 | Snake:2  | Noticed Vashnia
 32019 | Snake:2  | Killed Vashnia
 32046 | Snake:2  | Reached XP level 18. HP: 78/134 MP: 24/29
 33681 | Snake:4  | Entered Level 4 of the Snake Pit
 34266 | Snake:4  | Found Nofub's Antique Armour Shoppe.
 34276 | Snake:4  | Bought a pair of scorched boots for 294 gold pieces
 34276 | Snake:4  | Identified the -6 pair of boots of Cleverly Designed Life
                  | {Dex+2} (You bought it in a shop on level 4 of the Snake
                  | Pit)
 34430 | Snake:4  | Learned a level 2 spell: Wereblood
 34517 | Snake:4  | Reached skill level 1 in Transmutations
 34827 | Snake:4  | Found Wocw's Book Shoppe.
 35022 | Snake:4  | Reached skill level 5 in Transmutations
 35405 | Snake:4  | Reached XP level 19. HP: 46/146 MP: 11/30
 35425 | Snake:4  | HP: 4/146 [shock serpent (11)]
 35425 | Snake:4  | Slain by a salamander mystic

Illustrated notes

Levels and vault maps discovered:
D:1:      giann_horns, layout_loops_ring, chequers_serial_rivers_micro_d
D:2:      layout_rooms, st_stairs_2, due_unseen_surprise
D:3:      layout_rooms, uniq_jessica, uniq_ijyb
D:4:      layout_gridville, grunt_ministairs_12, uniq_pikel
D:5:      layout_loops_corners, general_overflow_altar, old_standard_altar,
          overflow_temple_1_default, kennysheep_diamond, minmay_circle_x
D:6:      layout_basic, lemuel_crystal_altar, uniq_grinder
D:7:      layout_loops_corners, minmay_temple_entry_proselytizer,
          amcnicky_mini_rare_corridor_liquid, uniq_maggie
D:8:      layout_rooms, old_standard_altar, special_room [special_room_orc]
D:9:      layout_cave_pools, chequers_serial_rivers_micro_c
D:10:     layout_small_grid, lemuel_zombie_altar_kikubaaqudgha, hex_large,
          uniq_urug
D:11:     layout_basic, minmay_lair_entry_grove, uniq_sonja
D:12:     layout_gridville, orc_0_dummy
D:13:     layout_rooms, hangedman_vaults_entry_quadrant_bands,
          nicolae_trove_entry_crystal, gammafunk_ghost_nasty_kobolds
D:14:     layout_basic, serial_rivers, chequers_serial_rivers_micro_c,
          chequers_serial_rivers_marsh, chequers_serial_rivers_room_b,
          chequers_serial_rivers_micro_a, minmay_holes, laboratory
D:15:     grunt_enter_depths_magical_seal, layout_basic
Lair:1:   layout_regular_city, beast_lair_carwin_5, serial_bayou_shore_a,
          grunt_megastairs_2, lemuel_fruit_tree, uniq_grum
Lair:2:   layout_chaotic_city, grunt_megastairs_4, uniq_harold
Lair:3:   layout_regular_city, minmay_swamp_entry_worms,
          minmay_snake_entry_six_corridors, cheibrodos_lair_caveside_slide,
          minmay_lindwurm_lava
Lair:4:   layout_regular_city, nicolae_volcano_entry_lava_flow,
          hangedman_tree_tricks
Lair:5:   layout_loops_ring, slime_altar_2, basic_altar, st_stairs_13
Lair:6:   hangedman_lair_caniforms_friends, layout_layer_cave,
          guppyfry_lair_end_dragon, grunt_forest_small_clearings,
          grunt_megastairs_5, lemuel_fruit_fields, uniq_snorg
Snake:1:  layout_chambers, serial_shops, shop,
          portal_ice_cave_entry_pillars_three, uniq_asterion, uniq_louise
Snake:2:  layout_cave_town, uniq_vashnia
Snake:3:  layout_concentric_octagons
Snake:4:  snake_pit_salamanders_mu, layout_gridlike, serial_shops, shop,
          nicolae_shop_window_shopping, hangedman_snake_corridor_split
Orc:1:    layout_caves
Orc:2:    st_orc_town, layout_caves, david_defended_altar_orc, uniq_maurice
Depths:1: layout_gridville, grunt_pan_entry_spiral, grunt_hell_entry_dis_grunt,
          abyss_entry_flame_altar, minmay_tree_intersection,
          kennysheep_okawaru_gauntlet, minmay_shoptagon

Skill      XL: |  1  2  3  4  5  6  7  8  9 10 11 12 13 14 15 16 17 18 19 |
---------------+----------------------------------------------------------+-----
Fighting       | 2 3 4 6 8 9 10 11 12 | 12.0
Staves         | 1 2 3 5 10 12 14 | 14.4
Shields        | 3 4 |  4.0
Dodging        | 4 7 8 10 | 10.0
Armour         | 4 7 8 9 10 | 10.0
Invocations    | 4 9 11 14 15 | 15.9
Evocations     | 4 10 | 10.0
Polearms       | 6 10 | 10.9
Ice Magic      | 7 8 |  8.5
Spellcasting   | 6 7 |  7.8
Transmutations | 7 |  7.0
Stealth        | |  1.0

Action                   |  1- 3 |  4- 6 |  7- 9 | 10-12 | 13-15 | 16-18 | 19-21 || total
-------------------------+-------+-------+-------+-------+-------+-------+-------++-------
Melee: Club              |    25 |    18 |     1 |       |       |       |       ||    44
       Whip              |    92 |   163 |   297 |   615 |  1483 |   371 |       ||  3021
       Unarmed           |       |     1 |       |       |       |       |       ||     1
       Scimitar          |       |       |       |       |    11 |       |       ||    11
       Trishula          |       |       |       |       |       |  1645 |    15 ||  1660
Throw: Dart              |       |    17 |       |    33 |    51 |    17 |       ||   118
       Throwing net      |       |       |     1 |     1 |     2 |       |       ||     4
 Cast: Frozen Ramparts   |       |       |       |       |       |    42 |       ||    42
       Ozocubu's Armour  |       |       |       |       |       |    19 |       ||    19
       Wereblood         |       |       |       |       |       |     1 |       ||     1
Invok: Divine Shield     |       |       |       |     1 |     5 |    19 |       ||    25
       Cleansing Flame   |       |       |       |       |    10 |     9 |     2 ||    21
       Brand Weapon With |       |       |       |       |       |     1 |       ||     1
       Summon Divine War |       |       |       |       |       |     2 |       ||     2
Evoke: Wand              |     6 |     6 |    32 |    25 |    51 |    34 |       ||   154
       Piece from Xom's  |       |     4 |     6 |    16 |    10 |       |       ||    36
       Box of beasts     |       |       |       |       |     3 |     5 |       ||     8
       Tin of tremorston |       |       |       |       |     1 |     2 |     2 ||     5
       Phial of floods   |       |       |       |       |     1 |       |       ||     1
       Phantom mirror    |       |       |       |       |       |     3 |       ||     3
  Use: Scroll            |       |     6 |     4 |     8 |     9 |     9 |       ||    36
       Potion            |       |       |     3 |    10 |     6 |     3 |       ||    22
 Stab: Sleeping          |       |     1 |       |       |       |       |       ||     1
       Petrified         |       |    16 |     7 |       |       |       |       ||    23
Armor: Leather armour    |    12 |       |       |       |       |       |       ||    12
       Ring mail         |    46 |    47 |       |       |   152 |   418 |    12 ||   675
       Robe              |       |    18 |    56 |       |       |       |       ||    74
       Acid dragon scale |       |       |       |    97 |   125 |       |       ||   222
       Skin              |       |       |       |    23 |       |       |       ||    23
Dodge: Dodged            |    60 |   114 |   128 |   301 |   748 |  1021 |    11 ||  2383
Block: Buckler           |       |       |    15 |   113 |   316 |   558 |    13 ||  1015
       Rpst.: Scimitar   |       |       |       |       |     3 |       |       ||     3

Table legend: (Time is in decaauts)
 A = Elapsed time spent in this place.
 B = Non-inter-level travel time spent in this place.
 C = Inter-level travel time spent in this place.
 D = Time resting spent in this place.
 E = Time spent auto-exploring this place.
 F = Levels seen in this place.
 G = Mean time per level.
                   A        B        C        D        E       F      G
               +--------+--------+--------+--------+--------+-----+--------+
         Total |  33876 |  31441 |   2435 |   6296 |  15245 |  30 | 1129.2 |
       Dungeon |  19769 |  18151 |   1618 |   4846 |   8617 |  15 | 1317.9 |
          Lair |   6446 |   5957 |    489 |    426 |   3497 |   6 | 1074.3 |
     Snake Pit |   5131 |   4987 |    144 |    837 |   2366 |   4 | 1282.8 |
  Orcish Mines |   1686 |   1504 |    182 |     94 |    700 |   2 |  843.0 |
        Depths |    281 |    281 |      0 |      0 |     54 |   1 |  281.0 |
      Ice Cave |    342 |    342 |      0 |     92 |      0 |   1 |  342.0 |
       Volcano |    219 |    219 |      0 |      0 |     10 |   1 |  219.0 |
               +--------+--------+--------+--------+--------+-----+--------+

Top non-repeatable levels by time:
     D:5: 1746 daAuts
  Lair:6: 1699 daAuts
 Snake:1: 1649 daAuts
    D:11: 1632 daAuts
 Snake:4: 1598 daAuts
     D:7: 1567 daAuts
    D:12: 1499 daAuts
    D:13: 1423 daAuts
     D:1: 1359 daAuts
     D:4: 1319 daAuts
     D:8: 1295 daAuts
     D:3: 1287 daAuts
     D:9: 1256 daAuts
    D:14: 1168 daAuts
   Orc:2: 1151 daAuts
